 Dungeon Crawl Stone Soup version 0.19-a0-1629-g59ed194 (webtiles) character file.

42972 AlphabetPasta the Cleaver (level 14, -3/111 HPs)
             Began as a Formicid Abyssal Knight on Sept 18, 2016.
             Was the Champion of Lugonu.
             Slain by an entropy weaver (8 damage)
             ... on level 4 of the Lair of Beasts.
             The game lasted 01:30:01 (19735 turns).

AlphabetPasta the Cleaver (FoAK)                   Turns: 19735, Time: 01:30:02

Health: -3/111     AC:  5    Str: 29    XL:     14   Next: 58%
Magic:  0/21       EV: 17    Int: 15    God:    Lugonu [******]
Gold:   898        SH:  6    Dex: 12    Spells: 0 memorised, 13 levels left

rFire  x . .     SeeInvis +     a - +2 executioner's axe (chop)
rCold  + + .     Gourm    .     i - +1 scale mail {rC+}
rNeg   . . .     Faith    .     B - +0 buckler
rPois  .         Spirit   +     (helmet unavailable)
rElec  .         Dismiss  .     K - +3 cloak "Qeoffimp" {rF- rC+ Str+5}
rCorr  .         Reflect  .     h - +1 pair of gloves
MR     +....     Harm     .     H - +3 pair of boots of the Countless Mice {Int+2 Slay+4}
Stlth  ..........               J - amulet of guardian spirit
                                W - +4 ring of evasion
                                E - +5 ring of strength

@: corroded
A: permanent stasis, dig shafts and tunnels, four strong arms, antennae 3
a: Dig, Shaft Self, Depart the Abyss, Bend Space, Banish, Corrupt, Enter the
Abyss, Brand Weapon With Distortion, Renounce Religion


You were on level 4 of the Lair of Beasts.
You worshipped Lugonu.
Lugonu was exalted by your worship.
You were not hungry.

You visited 2 branches of the dungeon, and saw 16 of its levels.
You visited the Abyss 1 time.
You also visited: Ossuary.

You collected 898 gold pieces.

Inventory:

Hand Weapons
 a - a +2 executioner's axe of chopping (weapon)
 b - a +0 flail
 U - a +3 battleaxe of venom
Missiles
 O - 112 bolts
Armour
 h - a +1 pair of gloves (worn)
 i - a +1 scale mail of cold resistance (worn)
 B - a +0 buckler (worn)
 G - a +0 plate armour
 H - the +3 pair of boots of the Countless Mice (worn) {Int+2 Slay+4}
   (You found it on level 7 of the Dungeon)

   It affects your intelligence (+2).
   It affects your accuracy and damage with ranged weapons and melee attacks
   (+4).
 K - the +3 cloak "Qeoffimp" (worn) {rF- rC+ Str+5}
   (You acquired it on level 9 of the Dungeon)

   It affects your strength (+5).
   It makes you vulnerable to fire.
   It protects you from cold.
Rods
 p - a +0 rod of inaccuracy (13/13)
   (You found it on level 2 of the Dungeon)
Jewellery
 n - an uncursed ring of positive energy
 w - an uncursed ring of protection from cold
 E - a +5 ring of strength (left hand)
 J - an amulet of guardian spirit (around neck)
 W - a +4 ring of evasion (right hand)
 Y - an uncursed amulet of faith {unknown}
Wands
 e - a wand of acid (4/15)
 l - a wand of iceblast (4/15)
 o - a wand of flame (17/48)
 r - a wand of flame (23/48)
 v - a wand of confusion (17/48)
 y - a wand of slowing (4/48)
 D - a wand of polymorph (3/24)
 M - a wand of confusion (9/48)
 S - a wand of lightning (0/15)
 V - a wand of disintegration (12/24)
 Z - a wand of paralysis (11/24)
Scrolls
 c - 5 scrolls of remove curse
 f - 7 scrolls of recharging
 I - 2 scrolls of fear
 R - a scroll of magic mapping
 X - a scroll of enchant weapon
Potions
 d - 6 potions of flight
 g - 3 potions of brilliance
 k - 2 potions of cure mutation
 q - 2 potions of resistance
 x - 2 potions of agility
 A - a potion of experience {unknown}
 C - a potion of curing
 F - 2 potions of cancellation
 L - 2 potions of might
 Q - a potion of degeneration {unknown}
 T - 2 potions of invisibility {unknown}
Comestibles
 j - 4 chunks of flesh
 m - 2 beef jerkies
 s - 7 meat rations
 u - 4 bread rations
 P - 9 slices of pizza


   Skills:
 + Level 10.8 Fighting
 * Level 13.3 Axes
 + Level 10.1 Armour
 + Level 5.0 Dodging
 + Level 10.5 Shields
 - Level 10.4 Invocations
 + Level 9.2 Evocations


You had 13 spell levels left.
You didn't know any spells.

Dungeon Overview and Level Annotations

Branches:
Dungeon (12/15)            Temple (0/1) D:7            Lair (4/6) D:8
 Shoals (0/4) Lair:2        Snake (0/4) Lair:3          Orc (0/2) D:11

Altars:
Ashenzari
Dithmenos
Elyvilon
Gozag
Hepliaklqana
Nemelex Xobeh
Okawaru
Trog
Vehumet
Xom
Beogh

Portals:
Trove: D:11 (give +5 demon whip)


Innate Abilities, Weirdness & Mutations

You are under a permanent stasis effect.
You can dig through walls and to a lower floor.
Your four strong arms can wield two-handed weapons with a shield.
You have a pair of large antennae on your head. (SInv)


Message History

The entropy weaver completely misses you.
The entropy weaver closely misses you. The entropy weaver hits you!
* * * LOW HITPOINT WARNING * * *
You feel much better. The entropy weaver hits you!
* * * LOW HITPOINT WARNING * * *
The entropy weaver hits you.
* * * LOW HITPOINT WARNING * * *
The entropy weaver hits you!
* * * LOW HITPOINT WARNING * * *
The entropy weaver hits you.
* * * LOW HITPOINT WARNING * * *
You don't have enough magic at the moment.
Okay, then.
Space bends sharply around you!
You blink.
* * * LOW HITPOINT WARNING * * *
The entropy weaver misses you. The entropy weaver hits you.
* * * LOW HITPOINT WARNING * * *
The entropy weaver completely misses you.
The entropy weaver hits you!
You die...

....>.a.aa## #......####
.......a...# ##...##....#
...[.....<.###P....#....#
..............P...###.#.##
.P.........=......# ###..#
##........#.###..#####...#
##.......#.⌠.......#....#
#.......#.....#.........#
##....#..#⌠.<.⌠#@........#
PP...#.###......a........#
PP....#..#.......†.......###
.....###.###+###§........#.##
.....#####.......#........#.#
.....#.#..........##...P##.##
#.#.##.......#†....##..#####
.###...#......##.....#..# ##
#..##.........#...####


You could see an entropy weaver.

Vanquished Creatures
  An entropy weaver (Lair:4)
  3 death yaks (Lair:4)
  A queen ant (Lair:3)
  The ghost of RexxRaptorr the Spear-Bearer, a novice MfIE of Okawaru (D:7)
  A fire crab (Lair:4)
  An unseen horror (D:12)
  A wizard (D:11)
  4 hill giants
  The ghost of jimeh the Artisan of Death, a novice DsNe of Kikubaaqudgha (D:6)
  2 ugly things
  4 centaur zombies
  3 elephants (Lair:4)
  4 black mambas (Lair:4)
  4 spiny frogs
  Joseph (D:10)
  A kobold demonologist (D:11)
  3 komodo dragons
  3 trolls
  2 polar bears
  A two-headed ogre (D:12)
  4 slime creatures (D:9)
  5 blink frogs (Lair:3)
  12 hippogriffs
  A meliai zombie (D:12)
  2 spriggans
  6 wraiths
  46 yaks
  2 wyverns
  A vampire (D:12)
  2 humans (D:10)
  A basilisk (D:12)
  2 vampire mosquitoes (D:12)
  A mottled dragon (D:10)
  10 soldier ants
  10 water moccasins
  5 porcupines
  An eye of draining (D:12)
  2 sky beasts (D:6)
  A wasp (D:10)
  3 black bears
  5 orc warriors
  3 ice beasts
  A necrophage (D:12)
  3 phantoms
  6 ogres
  9 wolves
  6 crocodiles
  11 centaurs
  2 elf zombies (Ossuary)
  4 big kobolds
  18 bullfrogs
  A jelly (D:6)
  4 scorpions
  16 killer bees
  19 wights
  7 howler monkeys
  6 electric eels
  A bullfrog zombie (D:12)
  8 crimson imps
  9 hounds
  2 quasits
  Crazy Yiuf (D:5)
  A bullfrog skeleton (D:12)
  2 centaur skeletons (D:10)
  7 orc priests
  7 orc wizards
  11 iguanas
  Natasha (thrice) (D:3)
  11 worker ants
  3 hound skeletons
  3 mummies (Ossuary)
  A howler monkey zombie (D:8)
  2 worker ant zombies
  20 adders
  8 gnolls
  51 river rats
  A shadow imp (D:6)
  2 oozes
  5 adder skeletons
  A worm (D:2)
  3 dart slugs
  7 leopard geckos
  38 orcs
  2 ball pythons
  6 giant cockroaches
  14 goblins
  10 hobgoblins
  17 jackals
  5 quokkas
  A ball python zombie (D:5)
  10 bats
  6 frilled lizards
  3 goblin zombies (Ossuary)
  A hobgoblin zombie (Ossuary)
  22 kobolds
  3 kobold zombies (Ossuary)
  2 leopard gecko skeletons
  3 leopard gecko zombies
  A quokka skeleton (D:10)
  9 rats
  2 fungi
  6 plants
611 creatures vanquished.

Vanquished Creatures (others)
  A slime creature (D:9)
  A troll (D:9)
  A hungry ghost (D:9)
  A bullfrog (D:7)
  A fungus (Lair:2)
  4 plants (D:12)
9 creatures vanquished.

Grand Total: 620 creatures vanquished

Notes
Turn   | Place    | Note
-------+----------+-------------------------------------------
     0 | Abyss:1  | AlphabetPasta the Formicid Abyssal Knight began the quest for the Orb.
     0 | Abyss:1  | Reached XP level 1. HP: 18/18 MP: 2/2
   103 | Abyss:1  | Noticed a wretched star
   104 | D:1      | Escaped the Abyss
   151 | D:1      | Reached skill level 1 in Dodging
   154 | D:1      | Reached XP level 2. HP: 19/24 MP: 3/3
   307 | D:1      | Reached * piety under Lugonu
   487 | D:1      | Reached XP level 3. HP: 20/29 MP: 4/4
  1055 | D:1      | Upgraded the game from 0.19-a0-1626-g5215c36 to 0.19-a0-1629-g59ed194
  1315 | D:2      | Found a white marble altar of Elyvilon.
  1321 | D:2      | Found a shattered altar of Ashenzari.
  1333 | D:2      | Found a hazy altar of Hepliaklqana.
  1336 | D:2      | Found a shadowy altar of Dithmenos.
  1382 | D:2      | Reached XP level 4. HP: 36/36 MP: 5/5
  1393 | D:2      | Found a faded altar of an unknown god.
  1749 | D:2      | Reached ** piety under Lugonu
  1749 | D:2      | Reached skill level 3 in Axes
  1939 | D:2      | Reached XP level 5. HP: 42/42 MP: 6/6
  2376 | D:3      | Noticed Natasha
  2389 | D:3      | Killed Natasha
  2438 | D:3      | Noticed Natasha
  2457 | D:3      | Killed Natasha
  2764 | D:3      | Found a white marble altar of Elyvilon.
  3115 | D:3      | Noticed Natasha
  3130 | D:3      | Killed Natasha
  3130 | D:3      | Reached XP level 6. HP: 23/48 MP: 8/8
  3292 | D:4      | Identified a +0 rod of inaccuracy (13/13) (You found it on level 2 of the Dungeon)
  3333 | D:4      | Found a sand-covered staircase.
  3363 | Ossuary  | Entered an ossuary
  3363 | Ossuary  | Noticed a wraith
  3363 | Ossuary  | Noticed a wraith
  3363 | Ossuary  | Noticed a wraith
  3531 | Ossuary  | Reached skill level 4 in Axes
  3764 | Ossuary  | Noticed a wraith
  3787 | Ossuary  | Killed a wraith
  3787 | Ossuary  | Reached XP level 7. HP: 30/55 MP: 8/10
  3951 | Ossuary  | Reached *** piety under Lugonu
  4431 | D:4      | Reached skill level 5 in Fighting
  4908 | D:4      | Reached XP level 8. HP: 55/62 MP: 11/11
  4968 | D:4      | Reached skill level 5 in Axes
  4968 | D:4      | Reached skill level 1 in Evocations
  5261 | D:5      | Entered Level 5 of the Dungeon
  5416 | D:5      | Found a runed door.
  5547 | D:5      | Identified the Catalogue of Companions
  6261 | D:5      | Noticed Crazy Yiuf
  6328 | D:5      | Killed Crazy Yiuf
  6328 | D:5      | Reached skill level 5 in Invocations
  6508 | D:6      | Noticed jimeh's ghost (novice DsNe)
  6540 | D:6      | Killed jimeh's ghost
  6540 | D:6      | Reached skill level 6 in Axes
  6540 | D:6      | Reached XP level 9. HP: 53/69 MP: 11/13
  6658 | D:6      | Found a bloodstained altar of Trog.
  6719 | D:6      | Reached skill level 5 in Armour
  6752 | D:6      | Reached **** piety under Lugonu
  6897 | D:6      | You fall through a shaft!
  6904 | D:7      | Found an opulent altar of Gozag.
  6930 | D:7      | Got a pair of warped boots
  6956 | D:7      | Reached skill level 7 in Axes
  6960 | D:7      | Noticed RexxRaptorr's ghost (novice MfIE)
  7633 | D:6      | HP: 3/71 [wasp (2)]
  7635 | D:6      | You fall through a shaft for 3 floors!
  7635 | D:9      | HP: 1/71 [poisoned by a wasp]
  7640 | D:9      | HP: 3/71 [hungry ghost (4)]
  7644 | D:9      | Reached XP level 10. HP: 4/77 MP: 14/14
  7961 | D:9      | Reached skill level 8 in Axes
  8239 | D:10     | Entered Level 10 of the Dungeon
  8563 | D:9      | Identified a scroll of acquirement
  8564 | D:9      | Got a scorched cloak
  8575 | D:9      | Identified the +3 cloak "Qeoffimp" {rF- rC+ Str+5} (You acquired it on level 9 of the Dungeon)
  8580 | D:9      | Identified the +3 pair of boots of the Countless Mice {Int+2 Slay+4} (You found it on level 7 of the Dungeon)
  8701 | D:9      | Reached skill level 5 in Shields
  9832 | D:7      | Reached skill level 5 in Evocations
  9881 | D:7      | Found a shimmering altar of Xom.
  9986 | D:7      | Killed RexxRaptorr's ghost
  9986 | D:7      | Reached XP level 11. HP: 79/84 MP: 16/16
 10072 | D:7      | Reached skill level 9 in Axes
 10296 | D:7      | Found a staircase to the Ecumenical Temple.
 10541 | D:7      | Reached ***** piety under Lugonu
 10703 | D:8      | Found a staircase to the Lair.
 10920 | D:8      | Found a sparkling altar of Nemelex Xobeh.
 11322 | D:9      | Noticed a purple ugly thing
 11329 | D:9      | Killed a purple ugly thing
 11363 | D:9      | Found a sparkling altar of Nemelex Xobeh.
 12000 | D:10     | Reached skill level 10 in Axes
 12418 | D:10     | Found an iron altar of Okawaru.
 12426 | D:10     | Reached XP level 12. HP: 93/94 MP: 18/18
 12953 | D:10     | Noticed Joseph
 12970 | D:10     | Killed Joseph
 13034 | D:10     | Noticed Psyche
 13035 | D:10     | Noticed Psyche
 13035 | D:10     | Psyche changed into Psyche the mottled dragon
 13040 | D:10     | Killed Psyche the mottled dragon
 13631 | D:11     | Reached ****** piety under Lugonu
 13751 | D:11     | Noticed a wizard
 13759 | D:11     | Killed a wizard
 13850 | D:11     | Found a portal to a secret trove of treasure.
 14011 | D:11     | Reached skill level 11 in Axes
 14143 | D:11     | Found a staircase to the Orcish Mines.
 14156 | D:11     | Found a roughly hewn altar of Beogh.
 14375 | D:12     | Noticed an unseen horror
 14378 | D:12     | Reached skill level 10 in Invocations
 14380 | D:12     | Killed an unseen horror
 14451 | D:12     | Reached XP level 13. HP: 71/101 MP: 20/20
 15658 | Lair:1   | Entered Level 1 of the Lair of Beasts
 16212 | Lair:1   | Reached skill level 12 in Axes
 16321 | Lair:1   | Found a radiant altar of Vehumet.
 16861 | Lair:2   | Noticed a five-headed hydra
 16867 | Lair:2   | Banished a five-headed hydra
 16867 | Lair:2   | Reached skill level 10 in Fighting
 17272 | Lair:2   | Found a staircase to the Shoals.
 17513 | Lair:3   | Identified the Papyrus of Stones
 17602 | Lair:3   | Found a staircase to the Snake Pit.
 17773 | Lair:3   | Reached XP level 14. HP: 56/110 MP: 12/21
 18499 | Lair:4   | Reached skill level 10 in Shields
 18673 | Lair:4   | Reached skill level 13 in Axes
 19108 | Lair:4   | Noticed an entropy weaver
 19124 | Lair:3   | Reached skill level 10 in Armour
 19584 | Lair:4   | Killed an entropy weaver
 19584 | Lair:4   | Reached skill level 5 in Dodging
 19724 | Lair:4   | Noticed an entropy weaver
 19735 | Lair:4   | HP: 5/111 [entropy weaver (4)]
 19735 | Lair:4   | Slain by an entropy weaver

Vault maps used:
D:1:      eino_arrival_cavern_b, hangedman_feature_mirror
D:2:      grunt_temple_overflow_cloverleaf, ecumenical_altar_1,
          bh_walls_and_bars
D:3:      first_bread, elyvilon_altar_4, uniq_natasha
D:4:      nicolae_ossuary_entry_ruins, minmay_small_thing
D:5:      minmay_strange_pillars, uniq_crazy_yiuf_cottage
D:6:      trog_ov_bears_minmay
D:7:      grunt_gozag_breadcrumbs, basic_altar
D:8:      lair_0_dummy, basic_altar, minmay_guarded_unrand_finisher
D:9:      grunt_pizzeria, nemelex_diamond_rough_becter
D:10:     lightli_bailey_entry_fortress, okawaru_humans, uniq_joseph,
          uniq_psyche
D:11:     minmay_orc_entry_temple_small, enter_trove_0
D:12:     wad_lake_hut
Lair:1:   lemuel_centaur_altar
Lair:2:   elwin_shoals_entry_rooms, serial_bayou_pond_c, grunt_megastairs_3
Lair:3:   minmay_snake_entry_six_corridors, minivault_23,
          nicolae_quartered_pool_super, minivault_25, forest_entry_grove
Lair:4:   zaba_antful_of_joy, grunt_megastairs_2
Ossuary:  ossuary_kennysheep_city_of_the_dead

Skill      XL: |  1  2  3  4  5  6  7  8  9 10 11 12 13 14 |
---------------+-------------------------------------------+-----
Dodging        | 1 2 3 4 5 |  5.0
Axes           | 3 4 6 7 8 10 11 12 13 | 13.3
Fighting       | 4 5 6 7 8 9 10 | 10.8
Armour         | 3 4 5 6 7 8 9 10 | 10.1
Invocations    | 3 4 5 6 7 9 10 | 10.4
Evocations     | 2 3 5 6 7 8 9 |  9.2
Shields        | 2 3 5 7 8 9 10 | 10.5

Action                   |  1- 3 |  4- 6 |  7- 9 | 10-12 | 13-15 || total
-------------------------+-------+-------+-------+-------+-------++-------
Melee: Hand axe          |    92 |   239 |   155 |       |       ||   486
       War axe           |       |       |   244 |   283 |       ||   527
       Battleaxe         |       |       |       |   223 |       ||   223
       Executioner's axe |       |       |       |   232 |   508 ||   740
Invok: Depart the Abyss  |     1 |       |       |       |       ||     1
       Bend Space        |       |     1 |       |       |     1 ||     2
       Banish            |       |       |     1 |     3 |     1 ||     5
 Abil: Shaft Self        |       |       |     2 |       |       ||     2
Evoke: Rod               |       |     2 |     4 |       |       ||     6
       Wand              |       |     1 |    10 |     5 |       ||    16
  Use: Potion            |       |     2 |     6 |     2 |     3 ||    13
       Scroll            |       |    10 |     8 |     8 |     3 ||    29
  Eat: Bread ration      |     1 |     1 |       |     1 |     1 ||     4
       Chunk             |       |     3 |    12 |    19 |    17 ||    51
       Beef jerky        |       |       |     1 |     1 |       ||     2
Armor: Leather armour    |     7 |       |       |       |       ||     7
       Scale mail        |    25 |   109 |   175 |   423 |   257 ||   989
Dodge: Dodged            |    43 |    90 |   224 |   469 |   453 ||  1279
Block: Buckler           |       |       |    41 |   218 |   188 ||   447
